cohdb
Replays
Latest Replays
All Replays
Popular Replays
Top Player Replays
Match Explorer
How It Works
Community
CoH3 Stats
Reddit
Sign in to upload your games and track your stats! →
Sign in with Steam
Match 40461161
Unlisted
Match 40461161
Overview
Messages
Build Orders
End
Construct Weapon Support Center
Engineer Squad
M1919 Machine Gun Team
Bazooka Squad
Engineer Squad
Bazooka Squad
M1919 Machine Gun Team
M1919 Machine Gun Team
Mortar Pit
Construct Medical Station
Selects Advanced Infantry Battlegroup
Selects Ammunition Storage
Selects M2A1 105mm Howitzer Emplacement
Forward Retreat Point
M1919 Machine Gun Team
Infantry Support Center
Improved M9 Bazooka Rockets
Selects Free Fire Drills
M3 Armored Personnel Carrier
Munitions Surplus
Scout Squad
Engineer Squad
Construct Barracks
Selects Convert to Ranger Squad
Selects Frontline Medical Station
Selects Ranger Weapon Training
Ranger Squad
Hydra7-1
[WLF] WhiteWolf
Kwarzym
PlumApollo
0
0
Comments
sign in to comment!
No comments posted yet!